Match 25434050
Unlisted

Match 25434050
End
Royal Engineer Section
Selects Indian Artillery Battlegroup
Construct Section Command Post
Infantry Section
ML 3-inch Mortar Team
Infantry Section
Selects War Cry
Construct Platoon Command Post
Selects Gurkha Rifles Section
Gurkha Rifles Section
Construct Field Infirmary
Vickers Machine Gun Team
Selects Artillery Saturation
Construct Company Command Post
Selects Off-map Airburst Barrage
Foot Guards Section
Grenade Package
Infantry Training
6-pounder Anti-tank Gun Team
Unlock Towed 17-pounder Anti-tank Guns
Selects BL5.5 Artillery Emplacement
17-pounder Anti-tank Gun Team
Selects Volunteer Infantry
Matilda II Heavy Tank
Infantry Section
Matilda II Heavy Tank
AI Takeover
LiffLaffLuff
Andreas Petersen
Andreas
UH|BluEskY
UH|dun! ツ
Stoney
0
0

Comments sign in to comment!

No comments posted yet!